 Dungeon Crawl Stone Soup version 0.28.0-45-g0d030f2227 (console) character file.

Game seed: 10755758659978772337

201 Faeu the Shield-Bearer (level 5, -6/47 HPs)
             Began as a Minotaur Fighter on Apr 20, 2022.
             Was an Initiate of Hepliaklqana.
             Mangled by an ogre
             ... wielding a +0 giant spiked club
              (32 damage)
             ... on level 5 of the Dungeon.
             The game lasted 00:11:36 (4068 turns).

Faeu the Shield-Bearer (Minotaur Fighter)           Turns: 4068, Time: 00:11:37

Health: -6/47      AC: 10    Str: 23    XL:     5   Next: 50%
Magic:  4/4        EV:  8    Int:  5    God:    Hepliaklqana [......]
Gold:   216        SH:  9    Dex:  9    Spells: 4/4 levels left

rFire   . . .      SeeInvis .   v - +1 falchion (vorpal) {long}
rCold   . . .      Faith    .   c - +0 buckler
rNeg    . . .      Spirit   .   g - +0 chain mail
rPois   .          Reflect  +   (helmet restricted)
rElec   .          Harm     .   (no cloak)
rCorr   .          Rampage  .   q - +0 pair of gloves
Will    .....                   (no boots)
Stlth   ..........              o - amulet of reflection
HPRegen 0.15/turn               k - ring of flight
MPRegen 0.09/turn               (no ring)

@: flying
A: horns 2, retaliatory headbutt
a: Renounce Religion


You were on level 5 of the Dungeon.
You worshipped Hepliaklqana.
Hepliaklqana was noncommittal.
You visited 2 branches of the dungeon, and saw 6 of its levels.

You collected 216 gold pieces.


Innate Abilities, Weirdness & Mutations

You have a pair of horns on your head.
You reflexively headbutt those who attack you in melee.


   Skills:
 + Level 4.6 Fighting
 + Level 3.8 Long Blades
 + Level 4.6 Armour
 + Level 2.3 Dodging
 + Level 4.7 Shields


You had 4 spell levels left.
You didn't know any spells.
Your spell library contained the following spells:

 Spells                   Type           Power      Damage    Failure   Level
 Blade Hands              Tmut           0%         N/A       100%        5
 Irradiate                Conj/Tmut      0%         3d14      100%        5
 Dragon Form              Tmut           0%         N/A       100%        7

Inventory:

Hand Weapons
 a - a +0 long sword {long}
 r - a +0 vorpal flail {mace}
   (You found it on level 3 of the Dungeon)
 v - a +1 vorpal falchion (weapon) {long}
   (You found it on level 4 of the Dungeon)
Missiles
 j - 16 poisoned darts (quivered) {throwing}
Armour
 c - a +0 buckler (worn)
 g - a +0 chain mail (worn)
   (You found it on level 1 of the Dungeon)
 q - a +0 pair of gloves (worn)
   (You found it on level 3 of the Dungeon)
Jewellery
 k - a ring of flight (left hand)
   (You found it on level 1 of the Dungeon)
 o - an amulet of reflection (around neck)
   (You found it on level 2 of the Dungeon)
 p - a ring of magical power
   (You found it on level 2 of the Dungeon)
Wands
 s - a wand of iceblast (7)
   (You found it on level 3 of the Dungeon)
Scrolls
 e - 6 scrolls of identify {unknown}
 f - a scroll of torment {unknown}
 l - a scroll of teleportation {@r4}
 n - a scroll of amnesia {unknown}
 u - a scroll of blinking {unknown}
Potions
 b - a potion of lignification {unknown}
 d - 2 potions of might
 h - 2 potions of curing {unknown}
 i - 2 potions of attraction {unknown}
 m - a potion of berserk rage {unknown}
 t - a potion of flight {unknown}
 w - a potion of resistance {unknown}

Dungeon Overview and Level Annotations

Branches:
Dungeon (5/15)             Temple (1/1) D:4

Altars:
Ashenzari
Cheibriados
Dithmenos
Elyvilon
Fedhas
Gozag
Hepliaklqana
Makhleb
Nemelex Xobeh
Okawaru
Qazlal
Ru
Sif Muna
Vehumet
Wu Jian
Xom
Yredelemnul
Zin
The Shining One

Annotations:
D:3 1 runed translucent door, Descartes's ghost, amateur OpWn
D:4 Menkaure

### ### #.. ..
#.###.# #.#...#
#.#...#####.
#.#.........
.########..O@#
..........#### .
######..## .
+......## . ##.#####
. #.# .. # .# #.# .#
.# .# #.# ##.# .#
.######.# #..# ..#
........# #.. ##..#
........###.####...#


You could see an ogre.


Message History

You take 6 damage, and now have 33/41 hp.
You hit the black bear. Your headbutt misses the black bear.
You block the black bear's attack. x3
You hit the black bear but do no damage.
You headbutt the black bear, but do no damage.
The black bear barely misses you. The black bear claws you.
The black bear barely misses you. 😕 HP[-1]
You take 1 damage, and now have 32/41 hp.
You barely miss the black bear. You headbutt the black bear.
The black bear goes berserk! 😕 HP[+1]
The black bear bites you but does no damage.
The black bear claws you.
The black bear claws you but does no damage. 😕 HP[-2]
You take 2 damage, and now have 31/41 hp.
You hit the black bear. The black bear barely misses you.
You block the black bear's attack. The black bear claws you. 😮 HP[-3]
You take 3 damage, and now have 28/41 hp.
You barely miss the black bear. You block the black bear's attack. x2
The black bear barely misses you. x2
The black bear claws you but does no damage. x2
The white imp gestures at you.
The puff of frost hits you but does no damage.
You barely miss the black bear.
The black bear looks more healthy.
The black bear bites you but does no damage.
The black bear claws you. You block the black bear's attack.
The white imp hits you. The white imp freezes you.
The black bear barely misses you.
The black bear claws you but does no damage. x2 😮 HP[-6]
You take 6 damage, and now have 22/41 hp.
You closely miss the black bear. The black bear bites you.
* * * LOW HITPOINT WARNING * * *
The black bear barely misses you. You block the black bear's attack.
The white imp gestures at you. The puff of frost hits you.
* * * LOW HITPOINT WARNING * * *
You block the black bear's attack. The black bear closely misses you.
The black bear claws you but does no damage. 😨 HP[-8]
You take 8 damage, and now have 14/41 hp.
You slash the black bear! You headbutt the black bear.
You kill the black bear!
You block the white imp's attack.
Your Dodging skill increases to level 2!
You have reached level 5! 😨 HP[+3] MP[+1]
You now have 47 max hp (+6).
You regained 3 hp, and now have 17/47 hp.
Your mp is fully restored (4).
You hit the white imp. You block the white imp's attack.
The white imp gestures at you. The puff of frost hits you!
* * * LOW HITPOINT WARNING * * *
😱 HP[-8]
You take 8 damage, and now have 9/47 hp.
You completely miss the white imp. You headbutt the white imp!
You kill the white imp! 😱 HP[+1]
j - 15 poisoned darts {throwing} (gained 1)
j - 16 poisoned darts {throwing} (gained 1) 😱 HP[+1]
You start resting.
HP restored. 😎 HP[+36]
You see here a +0 robe.
You reach down and open the door.
There is an open door here.
You see here a +0 flail {mace}.
You now have 216 gold pieces (gained 16).
There is a stone staircase leading up here.
You fly upwards.
Level annotation: Menkaure
There is a stone staircase leading down here.
There is an escape hatch in the floor here.
You fly downwards.
The hatch slams shut behind you.
You see here a +0 robe.
There is an open door here.
You see here a +0 flail {mace}.
An ogre comes into view. It is wielding a +0 giant spiked club.
The ogre moves out of view.
There is an open door here.
Unknown command.
Unknown command.
As you open the door, it creaks loudly!
There is an open door here.
There is a stone staircase leading up here.
You slash the ogre! The ogre barely misses you.
You closely miss the ogre.
The ogre hits you with a +0 giant spiked club!! 😮 HP[-21]
You take 21 damage, and now have 26/47 hp.
MASSIVE DAMAGE!! (PAUSE)
You hit the ogre.
The ogre hits you with a +0 giant spiked club!!
Ouch! That really hurt!
You die...

Skill      XL: |  1  2  3  4 |
---------------+-------------+-----
Dodging        | 1 2 |  2.3
Shields        | 4 |  4.7
Fighting       | 4 |  4.6
Armour         | 4 |  4.6
Long Blades    | 3 |  3.8

Action                   |  1- 3 |  4- 6 || total
-------------------------+-------+-------++-------
Melee: Long sword        |   111 |    21 ||   132
       Headbutt          |    16 |    10 ||    26
       Falchion          |       |    17 ||    17
Throw: Dart              |       |     2 ||     2
  Use: Scroll            |       |     1 ||     1
Armor: Scale mail        |     4 |       ||     4
       Chain mail        |    68 |    22 ||    90
Dodge: Dodged            |    58 |    18 ||    76
Block: Buckler           |    29 |    27 ||    56

Levels and vault maps discovered:
D:1:      grunt_arrival_lava_bath, layout_loops_ring, minmay_unequal
D:2:      layout_basic, nicolae_ecumenical_lake_church
D:3:      layout_basic, hellmonk_ghost_happy_afterlife
D:4:      layout_basic, mainiacjoe_overflow_boulevard, temple_pool_b,
          minmay_cupped, uniq_menkaure
D:5:      minmay_evil_eye, layout_basic
Temple:   mainiacjoe_temple_cubbyholes

Notes
Turn   | Place    | Note
-------+----------+-------------------------------------------
     0 | D:1      | Faeu the Minotaur Fighter began the quest for the Orb.
     0 | D:1      | Reached XP level 1. HP: 19/19 MP: 0/0
     0 | D:1      | magus.rc [v1.9.6]
   237 | D:1      | Reached XP level 2. HP: 23/27 MP: 1/1
   447 | D:1      | Reached skill level 1 in Dodging
   622 | D:1      | Reached skill level 4 in Shields
   644 | D:1      | Reached skill level 4 in Fighting
   644 | D:1      | Reached XP level 3. HP: 33/33 MP: 2/2
   859 | D:2      | Reached skill level 4 in Armour
   949 | D:2      | Found a faded altar of an unknown god.
  1079 | D:2      | Reached skill level 3 in Long Blades
  1798 | D:3      | HP: 7/33 [frozen (5)]
  2236 | D:3      | Found a runed translucent door.
  2236 | D:3      | Noticed Descartes's ghost (amateur OpWn)
  2361 | D:3      | Reached XP level 4. HP: 40/40 MP: 3/3
  2371 | D:3      | You pick up a book of Transfigurations {@e2} and begin
                  | reading...
  2371 | D:3      | You add the spells Irradiate, Blade Hands and Dragon Form
                  | to your library.
  2821 | D:4      | Found a staircase to the Ecumenical Temple.
  2833 | Temple   | Entered the Ecumenical Temple
  3095 | Temple   | Became a worshipper of Hepliaklqana the Forgotten
  3205 | D:4      | Found a shimmering blue altar of Sif Muna.
  3339 | D:4      | Noticed Menkaure
  3366 | D:4      | HP: 3/41 [Menkaure/nerve-wracking pain (10)]
  3657 | D:5      | Entered Level 5 of the Dungeon
  3657 | D:5      | Noticed a scorpion
  3667 | D:5      | Noticed a black bear
  3684 | D:5      | Killed a black bear
  3685 | D:5      | Reached skill level 2 in Dodging
  3685 | D:5      | Reached XP level 5. HP: 17/47 MP: 4/4
  3685 | D:5      | HP: 9/47 [white imp/puff of frost (8)]
  4021 | D:5      | Noticed an ogre
  4068 | D:5      | Mangled by an ogre

Vanquished Creatures
  A black bear (D:5)
  An iguana (D:4)
  An adder (D:3)
  A white imp (D:5)
  An adder skeleton (D:4)
  2 worms
  2 dart slugs (D:1)
  5 ball pythons
  9 bats
  5 endoplasms
  2 giant cockroaches
  4 goblins
  4 hobgoblins
  4 jackals (D:3)
  4 quokkas (D:1)
  4 frilled lizards
  5 kobolds
  8 rats
63 creatures vanquished.

Table legend:
 A = Non-vault XP
 B = Vault XP
 C = Vault XP percentage of total XP
 D = Non-vault monster count
 E = Vault monster count
 F = Vault count percentage of total count
                 A         B        C        D         E       F
            +---------+---------+-------+---------+---------+-------
      Total |     287 |       1 |   0.3 |      62 |       1 |   1.6
            +---------+---------+-------+---------+---------+-------
        D:1 |      49 |       1 |   2.0 |      27 |       1 |   3.6
        D:2 |      25 |       0 |   0.0 |      14 |       0 |   0.0
        D:3 |      39 |       0 |   0.0 |      15 |       0 |   0.0
        D:4 |      43 |       0 |   0.0 |       4 |       0 |   0.0
        D:5 |     131 |       0 |   0.0 |       2 |       0 |   0.0
            +---------+---------+-------+---------+---------+-------

Illustrated notes

Table legend:
 A = Kills in this place as a percentage of kills in entire the game.
 B = Kills by you in this place as a percentage of kills by you in the entire game.
 C = Kills by friends in this place as a percentage of kills by friends in the entire game.
 D = Other kills in this place as a percentage of other kills in the entire game.
 E = Experience gained in this place as a percentage of experience gained in the entire game.
 F = Experience gained in this place divided by the number of levels of this place that you have seen.
                   A       B       C       D       E      F
               +-------+-------+-------+-------+-------+----------------------
         Total | 100.0 | 100.0 |   N/A |   N/A | 100.0 |  48.0
       Dungeon | 100.0 | 100.0 |   N/A |   N/A | 100.0 |  57.6
               +-------+-------+-------+-------+-------+----------------------

Table legend: (Time is in decaauts)
 A = Elapsed time spent in this place.
 B = Non-inter-level travel time spent in this place.
 C = Inter-level travel time spent in this place.
 D = Time resting spent in this place.
 E = Time spent auto-exploring this place.
 F = Levels seen in this place.
 G = Mean time per level.
                   A        B        C        D        E       F      G
               +--------+--------+--------+--------+--------+-----+--------+
         Total |   4111 |   4054 |     57 |    876 |   2153 |   6 |  685.2 |
       Dungeon |   3797 |   3740 |     57 |    876 |   1903 |   5 |  759.4 |
        Temple |    313 |    313 |      0 |      0 |    250 |   1 |  313.0 |
               +--------+--------+--------+--------+--------+-----+--------+

Top non-repeatable levels by time:
     D:2: 1140 daAuts
     D:1: 865 daAuts
     D:3: 726 daAuts
     D:4: 668 daAuts
     D:5: 397 daAuts
  Temple: 313 daAuts
